 Dungeon Crawl Stone Soup version 0.22.0-18-ge075c0d (webtiles) character file.

159 HEYYEYAAE the Poker (level 4, 0/38 HPs)
             Began as a Demigod Wanderer on Aug 18, 2018.
             Succumbed to an adder's poison
             ... on level 3 of the Dungeon.
             The game lasted 00:02:31 (1879 turns).

HEYYEYAAE the Poker (Demigod Wanderer)              Turns: 1879, Time: 00:02:32

Health: 0/38       AC:  2    Str: 17 (19) XL:     4   Next: 95%
Magic:  7/7        EV: 11    Int: 16 (17) God:
Gold:   100        SH:  0    Dex: 10 (12) Spells: 3/3 levels left

rFire    . . .     SeeInvis .   a - +2 shortbow
rCold    . . .     Gourm    .   (shield currently unavailable)
rNeg     . . .     Faith    .   e - +0 robe
rPois    .         Spirit   .   (no helmet)
rElec    .         Reflect  .   (no cloak)
rCorr    .         Harm     .   (no gloves)
MR       .....                  (no boots)
Stlth    +.........             (no amulet)
HPRegen  0.12/turn              (no ring)
MPRegen  0.10/turn              (no ring)

@: lethally poisoned (0 -> -9), hasted, very quick
A: high mp 1
a: no special abilities


You were on level 3 of the Dungeon.
You were not hungry.

You visited 1 branch of the dungeon, and saw 3 of its levels.

You collected 100 gold pieces.

Inventory:

Hand Weapons
 a - a +2 shortbow (weapon)
 c - a +0 mace
 q - a +0 spear
Missiles
 b - 28 arrows (quivered)
Armour
 e - a +0 robe (worn)
 p - a +0 ring mail
Jewellery
 n - an uncursed ring of protection from cold {unknown}
 o - an uncursed ring of magical power {unknown}
Scrolls
 h - 2 scrolls of identify {unknown}
 j - a scroll of enchant armour {unknown}
 k - 5 scrolls of remove curse {unknown}
 r - a scroll of noise {unknown}
 s - a scroll of magic mapping {unknown}
 t - a scroll of teleportation {unknown}
Potions
 l - a potion of degeneration
Comestibles
 d - 8 chunks of flesh
 f - 9 rations


   Skills:
 - Level 3.0 Fighting
   Level 1.0 Short Blades
 * Level 3.6 Polearms
 - Level 1.7 Bows
 - Level 1.0 Throwing
 - Level 1.6 Armour
 - Level 1.1 Dodging
 - Level 1.0 Stealth
   Level 1.0 Evocations


You had 3 spell levels left.
You didn't know any spells.
Your spell library was empty.

Dungeon Overview and Level Annotations

Branches:
Dungeon (3/15)


Innate Abilities, Weirdness & Mutations

You have an increased reservoir of magic. (+10% MP)


Message History

* * * LOW HITPOINT WARNING * * *
You feel sick.
* * * LOW HITPOINT WARNING * * *
You feel sick.
You see here 4 arrows.
Found an escape hatch in the floor.
There is an open door, spattered with blood here.
Things that are here:
5 arrows; a worm corpse; a rat corpse
* * * LOW HITPOINT WARNING * * *
You feel sick.
Found a bubbling white potion.
You see here an arrow.
* * * LOW HITPOINT WARNING * * *
You feel sick.
Found a scroll labeled RAUC FILLENEEWK.
You see here an arrow.
* * * LOW HITPOINT WARNING * * *
You feel sick.
You die...

#..... #....#
########..... #....#
.......'..... #....#
########..... #!...#
#..... #..?.# #.....
#....# #####'#+#
#....##### #.......#
#...@....# #.###+###
#........####.#......
#...(..((((...#......
##.......######......
...>....(..# #......
##.....###.# #......
#.....# .# #.....<
#....## .. ........
#.### ##. ........


There were no monsters in sight!

Vanquished Creatures
  An orc priest (D:3)
  An orc wizard (D:3)
  3 adders (D:3)
  An ooze (D:3)
  2 dart slugs (D:3)
  2 worms
  A leopard gecko (D:2)
  3 orcs (D:3)
  4 giant cockroaches
  10 goblins
  12 hobgoblins
  5 bats
  2 frilled lizards (D:2)
  3 kobolds
  6 rats
56 creatures vanquished.

Notes
Turn   | Place    | Note
-------+----------+-------------------------------------------
     0 | D:1      | HEYYEYAAE the Demigod Wanderer began the quest for the Orb.
     0 | D:1      | HEYYEYAAE set off with: a +2 shortbow, 26 arrows, a +0 mace, a potion of lignification, a +0 robe, a ration
     0 | D:1      | Reached XP level 1. HP: 18/18 MP: 3/3
   324 | D:1      | Reached XP level 2. HP: 25/25 MP: 5/5
   831 | D:2      | Reached skill level 1 in Dodging
   915 | D:2      | Found a faded altar of an unknown god.
  1009 | D:2      | Reached XP level 3. HP: 29/31 MP: 6/6
  1077 | D:2      | Reached skill level 1 in Polearms
  1647 | D:3      | Reached XP level 4. HP: 8/38 MP: 7/7
  1878 | D:3      | HP: 1/38 [poisoned by an adder]
  1879 | D:3      | Succumbed to an adder's poison

Skill      XL: |  1  2  3  4 |
---------------+-------------+-----
Fighting       | 3 |  3.0
Dodging        | 1 |  1.1
Polearms       | 2 3 |  3.6
Short Blades   | |  1.0
Bows           | |  1.7
Throwing       | |  1.0
Armour         | |  1.6
Stealth        | |  1.0
Evocations     | |  1.0

Action                   |  1- 3 |  4- 6 || total
-------------------------+-------+-------++-------
 Fire: Shortbow          |   122 |    18 ||   140
  Use: Potion            |     5 |     1 ||     6
  Eat: Chunk             |     1 |     2 ||     3
Armor: Robe              |     3 |     2 ||     5
       Skin              |     2 |       ||     2
Dodge: Dodged            |    15 |    12 ||    27
